 Dungeon Crawl Stone Soup version 0.27-a0-379-g34d631faf5 (webtiles) character file.

Game seed: 75280291027305528

99 Chiseanne the Shield-Bearer (level 4, -13/34 HPs)
             Began as a Demonspawn Wanderer on Feb 17, 2021.
             Killed by an exploding a water moccasin (29 damage)
             ... exploding inner flame
             ... on level 1 of the Dungeon.
             The game lasted 00:05:10 (1917 turns).

Chiseanne the Shield-Bearer (Demonspawn Wanderer)   Turns: 1917, Time: 00:05:11

Health: -13/34     AC:  7    Str: 14    XL:     4   Next: 45%
Magic:  7/7        EV:  7    Int: 14    God:
Gold:   28         SH:  9    Dex: 13    Spells: 7/7 levels left

rFire    . . .     SeeInvis .   f - +0 short sword
rCold    . . .     Faith    .   e - +1 kite shield
rNeg     . . .     Spirit   .   b - +0 ring mail
rPois    .         Reflect  .   j - +0 helmet
rElec    .         Harm     .   (no cloak)
rCorr    .         Rampage  .   (no gloves)
Will     .....                  a - +0 pair of boots
Stlth    ++........             (no amulet)
HPRegen  0.11/turn              (no ring)
MPRegen  0.10/turn              (no ring)

@: lethally poisoned (-13 -> -25)
A: talons 2, thin skeletal structure 1
a: no special abilities


You were on level 1 of the Dungeon.
You visited 1 branch of the dungeon, and saw 2 of its levels.

You collected 28 gold pieces.

Inventory:

Hand Weapons
 f - a +0 short sword (weapon)
 w - a +0 hunting sling
Missiles
 c - 39 stones (quivered)
 h - 34 bolts
Armour
 a - a +0 pair of boots (worn)
 b - a +0 ring mail (worn)
 e - a +1 kite shield (worn)
 j - a +0 helmet (worn)
Scrolls
 g - a scroll of identify {unknown}
Potions
 i - 2 potions of curing


   Skills:
 * Level 2.3 Fighting
 - Level 1.0 Bows
 * Level 2.1 Armour
 * Level 1.6 Stealth
 * Level 2.6 Shields
 - Level 2.0 Spellcasting
 - Level 1.0 Conjurations
 - Level 1.7 Fire Magic


You had 7 spell levels left.
You didn't know any spells.
Your spell library was empty.

Dungeon Overview and Level Annotations

Branches:
Dungeon (2/15)

Altars:


Innate Abilities, Weirdness & Mutations

You have razor-sharp toenails.
You have a somewhat thin skeletal structure. (Dex +2, Stealth)


Message History

There is a stone staircase leading up here.
The water moccasin bites you but does no damage.
You block the hobgoblin's attack.
You climb upwards.
There is a stone staircase leading down here.
The water moccasin bites you but does no damage.
You block the water moccasin's attack.
Things that are here:
a +0 dagger; a goblin skeleton; a goblin skeleton You block the water moccasin's attack.
You see here a +0 club.
You hit the water moccasin.
The water moccasin is lightly wounded.
The water moccasin bites you but does no damage.
You block the water moccasin's attack.
You hit the water moccasin.
The water moccasin is lightly wounded.
You block the water moccasin's attack. The water moccasin misses you.
You hit the water moccasin.
The water moccasin is moderately wounded.
The water moccasin bites you. The water moccasin bites you.
You are poisoned.
The water moccasin poisons you!
You hit the water moccasin.
The water moccasin is moderately wounded.
You feel sick.
The water moccasin barely misses you. x2
As you read the scroll labelled VEEBRO VAICWOAN, it crumbles to dust.
The creatures around you are filled with an inner flame!
It was a scroll of immolation.
You feel sick. The water moccasin bites you.
You hit the water moccasin.
Flame seeps out of the water moccasin.
The water moccasin is moderately wounded.
You feel sick.
The water moccasin is engulfed in blazing flames.
Flame seeps out of the water moccasin.
You block the water moccasin's attack.
The water moccasin is engulfed in blazing flames.
The water moccasin explodes!
The fiery explosion engulfs you!!
Ouch! That really hurt!
You die...

#>..).........#########
#.....................#
#........#########.##)#
#........# #.##.# ##########
#.##.## #.....† ###########
####.##
######.........######## #.#
.......#######..@○g.).######
#># ..###..###
########>[....###.#
.........# ######..##.#
.........###### ##.##.##
≈≈≈≈≈≈≈≈......## #......
≈≈≈≈≈≈≈≈....#..## ####.##
≈≈≈≈≈≈≈≈...###..###########
#.# #'#+#≈≈≈...#
##...........####.#
#.)>+≈≈≈...#
###########...##.#


You could see a hobgoblin (inner flame).

Vanquished Creatures
  A water moccasin (D:1)
  Natasha (D:2)
  Robin (D:1)
  A dart slug (D:1)
  A leopard gecko (D:2)
  A giant cockroach (D:1)
  16 goblins
  11 hobgoblins
  A jackal (D:2)
  2 ball pythons
  5 bats
  5 frilled lizards
  4 kobolds
  8 rats
58 creatures vanquished.

Vanquished Creatures (others)
  A withered plant (D:2)
1 creature vanquished.

Grand Total: 59 creatures vanquished

Notes
Turn   | Place    | Note
-------+----------+-------------------------------------------
     0 | D:1      | Chiseanne the Demonspawn Wanderer began the quest for the
                  | Orb.
     0 | D:1      | Chiseanne set off with the following items: a +0 club, a +0
                  | ring mail, a +0 shortbow, 24 arrows, a +0 kite shield
     0 | D:1      | Reached XP level 1. HP: 15/15 MP: 3/3
   157 | D:1      | Gained mutation: You have a somewhat thin skeletal
                  | structure. (Dex +2, Stealth) [demonic ancestry]
   157 | D:1      | Reached XP level 2. HP: 18/21 MP: 5/5
   757 | D:2      | Gained mutation: You have sharp toenails. [demonic
                  | ancestry]
   757 | D:2      | Reached XP level 3. HP: 15/27 MP: 6/6
   891 | D:2      | Noticed Robin
  1093 | D:1      | Reached skill level 1 in Stealth
  1103 | D:2      | Noticed Natasha
  1144 | D:2      | Killed Natasha
  1152 | D:2      | Gained mutation: You have razor-sharp toenails. [demonic
                  | ancestry]
  1152 | D:2      | Reached XP level 4. HP: 10/33 MP: 7/7
  1726 | D:1      | Killed Robin
  1897 | D:2      | Noticed a water moccasin
  1917 | D:1      | Killed a water moccasin
  1917 | D:1      | Killed by an exploding a water moccasin... exploding inner
                  | flame

Illustrated notes

Levels and vault maps discovered:
D:1:      dpeg_arrival_castle, layout_rooms
D:2:      minmay_razor_zed, layout_basic, kiku_gazebo_garden_becter,
          minmay_surrounded, uniq_natasha, uniq_robin

Skill      XL: |  1  2  3  4 |
---------------+-------------+-----
Shields        | 2 |  2.6
Stealth        | 1 |  1.6
Fighting       | 2 |  2.3
Armour         | 2 |  2.1
Bows           | |  1.0
Spellcasting   | |  2.0
Conjurations   | |  1.0
Fire Magic     | |  1.7

Action                   |  1- 3 |  4- 6 || total
-------------------------+-------+-------++-------
Melee: Club              |    35 |       ||    35
       Short sword       |   112 |    69 ||   181
Throw: Stone             |       |     6 ||     6
  Use: Scroll            |     4 |     1 ||     5
       Potion            |     2 |       ||     2
 Stab: Sleeping          |     4 |     1 ||     5
Armor: Ring mail         |    85 |    30 ||   115
Dodge: Dodged            |    50 |    17 ||    67
Block: Kite shield       |    85 |    36 ||   121

Table legend: (Time is in decaauts)
 A = Elapsed time spent in this place.
 B = Non-inter-level travel time spent in this place.
 C = Inter-level travel time spent in this place.
 D = Time resting spent in this place.
 E = Time spent auto-exploring this place.
 F = Levels seen in this place.
 G = Mean time per level.
                   A        B        C        D        E       F      G
               +--------+--------+--------+--------+--------+-----+--------+
         Total |   2019 |   1993 |     26 |    788 |    589 |   2 | 1009.5 |
       Dungeon |   2019 |   1993 |     26 |    788 |    589 |   2 | 1009.5 |
               +--------+--------+--------+--------+--------+-----+--------+

Top non-repeatable levels by time:
     D:1: 1346 daAuts
     D:2: 673 daAuts
